 Dungeon Crawl Stone Soup version 0.28.0-45-g0d030f2227 (webtiles) character file.

Game seed: 9987706097747580831

312 sanboga the Covered (level 6, 0/39 HPs)
             Began as a Gargoyle Fighter on Apr 18, 2022.
             Killed from afar by Dowan (8 damage)
             ... with a stone arrow
             ... on level 3 of the Dungeon.
             The game lasted 00:03:24 (2634 turns).

sanboga the Covered (Gargoyle Fighter)              Turns: 2634, Time: 00:03:25

Health: 0/39       AC: 12    Str: 28    XL:     6   Next: 42%
Magic:  6/6        EV:  8    Int:  8    God:
Gold:   18         SH:  8    Dex:  9    Spells: 5/5 levels left

rFire   . . .      SeeInvis .   a - +0 war axe
rCold   . . .      Faith    .   k - +0 kite shield
rNeg    + . .      Spirit   .   b - +0 scale mail
rPois   ∞          Reflect  .   (no helmet)
rElec   +          Harm     .   (no cloak)
rCorr   .          Rampage  .   o - +0 pair of gloves
Will    .....                   (no boots)
Stlth   ..........              (no amulet)
HPRegen 0.13/turn               l - +6 ring of strength
MPRegen 0.10/turn               (no ring)

@: mighty, lit by a corona, glowing
A: sickness immunity, AC +4, negative energy resistance 1, electricity
resistance, torment resistance 1, petrification resistance
a: no special abilities


You were on level 3 of the Dungeon.
You visited 1 branch of the dungeon, and saw 4 of its levels.

You collected 61 gold pieces.
You spent 43 gold pieces at shops.

Inventory:

Hand Weapons
 a - a +0 war axe (weapon)
Armour
 b - a +0 scale mail (worn)
 k - a +0 kite shield (worn)
 o - a +0 pair of gloves (worn)
Jewellery
 l - a +6 ring of strength (left hand)
Scrolls
 e - a scroll of immolation {unknown}
 g - 6 scrolls of identify {unknown}
 h - 4 scrolls of teleportation {unknown}
 n - a scroll of noise {unknown}
Potions
 c - a potion of degeneration {unknown}
 d - a potion of might
 f - 2 potions of curing {unknown}
 i - a potion of brilliance {unknown}
 j - a potion of haste {unknown}
 m - a potion of mutation {unknown}


   Skills:
 + Level 4.4 Fighting
 * Level 4.0 Axes
 + Level 4.5 Armour
 + Level 4.4 Shields


You had 5 spell levels left.
You didn't know any spells.
Your spell library contained the following spells:

 Spells                   Type           Power      Damage    Failure   Level
 Call Canine Familiar     Summ           0%         N/A       100%        3
 Confusing Touch          Hex            0%         N/A       100%        3
 Portal Projectile        Hex/Tloc       0%         N/A       100%        3
 Leda's Liquefaction      Hex/Erth       0%         N/A       100%        4
 Yara's Violent Unravell  Hex/Tmut       0%         3d3       100%        5
 Enfeeble                 Hex            0%         N/A       100%        7


Dungeon Overview and Level Annotations

Branches:
Dungeon (4/15)
 Temple: D:4-7

Altars:
Cheibriados
Ru

Shops:
D:1 *

Annotations:
D:3 Dowan


Innate Abilities, Weirdness & Mutations

You are immune to sickness and miasma.
Your stone body is resilient. (AC +4)
You are immune to poison.
You resist negative energy. (rN+)
You are resistant to electric shocks. (rElec)
You are resistant to unholy torment.
You are immune to petrification.


Message History

Dowan casts a spell at you. The puff of frost hits you!
Duvessa closely misses you.
You hit Duvessa but do no damage.
Duvessa is heavily wounded.
Dowan points at you and mumbles some strange words.
You are outlined in light.
Duvessa hits you with a +0 short sword. You block Duvessa's attack.
You climb upwards.
There is a stone staircase leading down here.
Sorry, you're not good enough to have a special ability.
You feel very mighty all of a sudden. Dowan hits you but does no damage.
Duvessa completely misses you.
You completely miss Duvessa.
Duvessa is heavily wounded.
You slash Dowan! You block Dowan's attack. Duvessa hits you but does no damage.
Dowan casts a spell.
Dowan blinks!
Duvessa barely misses you.
You closely miss Duvessa.
Duvessa is heavily wounded.
Dowan casts a spell.
Dowan blinks!
Duvessa hits you with a +0 short sword.
You barely miss Duvessa.
Duvessa is heavily wounded.
You block Duvessa's attack. Duvessa hits you with a +0 short sword.
You barely miss Duvessa.
Duvessa is heavily wounded.
Duvessa hits you but does no damage.
You slash Duvessa!
Duvessa is almost dead.
Duvessa hits you with a +0 short sword. x2
* * * LOW HITPOINT WARNING * * *
You slash Duvessa!
You kill Duvessa!
Dowan's eyes darken. "You have made a black mistake."
Dowan seems to find hidden reserves of power!
Your Axes skill increases to level 4!
You have reached level 6!
Dowan points at you and mumbles some strange words.
The stone arrow hits you!
You die...

#.# ##...### #.#
#.#######......########.#
#.##....................#
#......##.#....##########
####.#.##.#.#(## #.#........#
#.####.#.### #......#)#
########@################
#†##.............#
#.##.###.#.#####.# #e##.# #.#.#
#.# ####### #.##.###.#.### #.#
#.....# ##.##.##......# #[#
#.....#####...#.##..#.#.###.#
####..............)............#
#........#####...#)......#.#####


You could see Dowan (fast).

Vanquished Creatures
  Duvessa (D:3)
  A hound (D:4)
  An orc priest (D:3)
  A bullfrog skeleton (D:4)
  Jessica (D:2)
  An iguana (D:3)
  3 adders
  A worm (D:2)
  A dart slug (D:1)
  3 orcs (D:3)
  4 ball pythons
  2 endoplasms
  A giant cockroach (D:2)
  4 goblins (D:1)
  4 hobgoblins
  3 kobolds
  6 bats
  A frilled lizard (D:1)
  4 rats
43 creatures vanquished.

Notes
Turn   | Place    | Note
-------+----------+-------------------------------------------
     0 | D:1      | sanboga the Gargoyle Fighter began the quest for the Orb.
     0 | D:1      | Reached XP level 1. HP: 14/14 MP: 1/1
   111 | D:1      | Reached XP level 2. HP: 18/19 MP: 2/2
   172 | D:1      | Found Pedeaq's Assorted Antiques.
   613 | D:2      | Reached XP level 3. HP: 22/23 MP: 3/3
   667 | D:2      | Noticed Jessica
   674 | D:2      | Killed Jessica
   853 | D:2      | Reached XP level 4. HP: 28/29 MP: 4/4
   865 | D:2      | Found a faded altar of an unknown god.
  1390 | D:1      | Bought a viscous golden potion for 20 gold pieces
  1737 | D:1      | Bought a scroll labelled ERELLO HEHEW for 23 gold pieces
  1816 | D:3      | Reached XP level 5. HP: 18/33 MP: 5/5
  2526 | D:4      | Found a snail-covered altar of Cheibriados.
  2535 | D:4      | Found a sacrificial altar of Ru.
  2573 | D:4      | Noticed Dowan
  2576 | D:4      | Noticed Duvessa
  2633 | D:3      | Killed Duvessa
  2634 | D:3      | Reached XP level 6. HP: 8/39 MP: 6/6
  2634 | D:3      | Killed from afar by Dowan

Illustrated notes

Levels and vault maps discovered:
D:1:      dpeg_arrival_refuge, layout_rooms, serial_shops,
          nicolae_shop_hallway_stairs, nrook_loot_triangle,
          minmay_stone_trees_small, feat_on_display
D:2:      layout_basic, shapermc_ecumenical_altar_mp_urbaneastern, uniq_jessica
D:3:      layout_loops_corners
D:4:      layout_cave_pods, mainiacjoe_overflow_paths,
          mainiacjoe_overflow_catwalk_spiral, minmay_temple_entry_nine_rooms,
          uniq_duvessa, uniq_edmund, uniq_grinder

Skill      XL: |  1  2  3  4  5 |
---------------+----------------+-----
Axes           | 2 3 4 |  4.0
Fighting       | 4 |  4.4
Armour         | 4 |  4.5
Shields        | 4 |  4.4

Action                   |  1- 3 |  4- 6 || total
-------------------------+-------+-------++-------
Melee: War axe           |    73 |    80 ||   153
  Use: Potion            |       |     1 ||     1
Armor: Scale mail        |    44 |    58 ||   102
Dodge: Dodged            |    34 |    25 ||    59
Block: Buckler           |    13 |       ||    13
       Kite shield       |       |    64 ||    64
